 Dungeon Crawl Stone Soup version 0.19.1-1-g22dce08 (webtiles) character file.

1493 theAP the Basher (level 8, -11/53 HPs)
             Began as a Gargoyle Fighter on Jan 5, 2017.
             Was an Initiate of Qazlal.
             Mangled by an orc warrior
             ... wielding a +2 halberd of protection
              (22 damage)
             ... on level 6 of the Dungeon.
             The game lasted 00:25:22 (4552 turns).

theAP the Basher (Gargoyle Fighter)                 Turns: 4552, Time: 00:25:22

Health: -11/53     AC: 12    Str: 22    XL:     8   Next: 81%
Magic:  8/8        EV:  5    Int:  9    God:    Qazlal [......]
Gold:   214        SH:  9    Dex:  9    Spells: 0 memorised, 7 levels left

rFire  . . .     SeeInvis .     a - +1 flail
rCold  . . .     Gourm    .     m - +0 chain mail
rNeg   + . .     Faith    .     c - +0 shield
rPois  ∞         Spirit   .     (no helmet)
rElec  +         Reflect  .     o - +0 cloak
rCorr  .         Harm     +     t - +0 pair of gloves
MR     .....                    (no boots)
Stlth  ..........               h - amulet of harm
                                (no ring)
                                (no ring)

@: no status effects
A: talons 1, deformed body, mutation resistance 1, negative energy resistance 1,
electricity resistance, unbreathing, petrification resistance, no device heal 1,
rot immunity, subdued magic 1, AC +5
a: Renounce Religion


You were on level 6 of the Dungeon.
You worshipped Qazlal.
Qazlal was noncommittal.
You were not hungry.

You visited 2 branches of the dungeon, and saw 7 of its levels.

You collected 214 gold pieces.

Inventory:

Hand Weapons
 a - a +1 flail (weapon)
Armour
 c - a +0 shield (worn)
 l - a +0 cloak
 m - a +0 chain mail (worn)
 o - a +0 cloak (worn)
 t - a +0 pair of gloves (worn)
Jewellery
 h - an amulet of harm (around neck)
Wands
 r - a wand of random effects (48/48)
Scrolls
 e - a scroll of remove curse
 i - 4 scrolls of teleportation
 n - a scroll of identify
 s - a scroll of magic mapping
 u - a scroll of enchant armour {unknown}
Potions
 d - a potion of might
 g - a potion of flight
 k - a potion of degeneration {unknown}
 p - a potion of curing {unknown}
 q - a potion of invisibility {unknown}
 w - a potion of lignification {unknown}
Comestibles
 b - a royal jelly
 f - 5 bread rations
 j - a beef jerky
 v - 4 fruits
 x - a slice of pizza


   Skills:
 + Level 7.4 Fighting
 * Level 9.0 Maces & Flails
 - Level 3.2 Armour
 - Level 3.4 Shields


You had 7 spell levels left.
You didn't know any spells.

Dungeon Overview and Level Annotations

Branches:
Dungeon (6/15)             Temple (1/1) D:6

Altars:
Cheibriados
Dithmenos
Elyvilon
Fedhas
Gozag
Hepliaklqana
Kikubaaqudgha
Makhleb
Okawaru
Qazlal
Ru
Sif Muna
Uskayaw
Vehumet
Xom
Yredelemnul
Zin
The Shining One

Shops:
D:4 [


Innate Abilities, Weirdness & Mutations

You are resistant to torment.
Your stone body is resilient. (AC +5)
You are immune to poison.
You resist negative energy. (rN+)
You are resistant to electric shocks. (rElec)
You can survive without breathing.
You are immune to petrification.
You are immune to rotting.
You have sharp toenails.
Armour fits poorly on your strangely shaped body.
You are somewhat resistant to further mutation.
Potions and wands are less effective at restoring your health.
Your spells are a little easier to cast, but a little less powerful.


Message History

The orc warrior is moderately wounded.
You closely miss the orc warrior. Your kick misses the orc warrior.
The orc warrior is moderately wounded.
The orc warrior hits you with a halberd of protection!
* * * LOW HITPOINT WARNING * * *
You are too injured to fight recklessly!
You are too injured to fight recklessly!
You are too injured to fight recklessly!
Your shield and chain mail prevent you from hitting the orc warrior.
Your kick misses the orc warrior.
The orc warrior is moderately wounded.
You block the orc warrior's attack.
You sock the orc warrior!
The orc warrior is severely wounded.
The orc warrior hits you but does no damage.
You barely miss the orc warrior.
You claw the orc warrior, but do no damage.
The orc warrior is severely wounded.
The orc warrior hits you with a halberd of protection!!
You die...

....# ###.## #.#
.# ##...####.####
.# ...#..........
#.#####
.......##.####
.......
.#####........
.#..... .
#.###.######.$..#
#..........)o.#.#
.
#.###..((((@....#
#.# ###.#########
..# ### ####


You could see an orc warrior.

Vanquished Creatures
  The ghost of Alarkh the Cleaver, a novice DsMo (D:4)
  2 sky beasts
  2 ogres (D:5)
  A bullfrog (D:6)
  2 scorpions
  A howler monkey (D:5)
  A jelly (D:5)
  A bullfrog skeleton (D:5)
  A centaur skeleton (D:5)
  An orc priest (D:3)
  Jessica (D:2)
  2 orc wizards
  Ijyb (D:2)
  An iguana (D:5)
  7 worker ants
  A hound skeleton (D:4)
  A howler monkey skeleton (D:4)
  7 adders
  8 gnolls
  2 oozes
  3 worms
  4 dart slugs
  5 leopard geckos
  5 orcs
  4 giant cockroaches
  6 goblins
  3 quokkas
  8 bats
  3 frilled lizards
  6 kobolds (D:1)
  6 rats
97 creatures vanquished.

Notes
Turn   | Place    | Note
-------+----------+-------------------------------------------
     0 | D:1      | theAP the Gargoyle Fighter began the quest for the Orb.
     0 | D:1      | Reached XP level 1. HP: 14/14 MP: 1/1
   147 | D:1      | You fall through a shaft!
   222 | D:1      | Reached XP level 2. HP: 19/19 MP: 2/2
   598 | D:1      | Reached XP level 3. HP: 23/24 MP: 3/3
   995 | D:2      | Reached skill level 3 in Maces & Flails
  1024 | D:2      | Noticed a scorpion
  1030 | D:2      | Killed a scorpion
  1030 | D:2      | Reached XP level 4. HP: 30/30 MP: 4/4
  1047 | D:2      | Noticed Jessica
  1052 | D:2      | Noticed Ijyb
  1055 | D:2      | Killed Jessica
  1055 | D:2      | Reached skill level 4 in Maces & Flails
  1055 | D:2      | Reached XP level 5. HP: 34/34 MP: 5/5
  1071 | D:2      | Killed Ijyb
  1857 | D:3      | Found an ancient bone altar of Kikubaaqudgha.
  1857 | D:3      | Found a faded altar of an unknown god.
  1873 | D:3      | Found a faded altar of an unknown god.
  1880 | D:3      | Found a faded altar of an unknown god.
  1882 | D:3      | Found a faded altar of an unknown god.
  1979 | D:4      | Reached skill level 5 in Fighting
  2044 | D:4      | Reached XP level 6. HP: 27/40 MP: 6/6
  2049 | D:4      | Reached skill level 5 in Maces & Flails
  2458 | D:4      | Noticed Alarkh's ghost (novice DsMo)
  2499 | D:4      | Killed Alarkh's ghost
  2499 | D:4      | Reached skill level 6 in Maces & Flails
  2499 | D:4      | Reached XP level 7. HP: 22/46 MP: 7/7
  2645 | D:4      | Found Simai's Armour Emporium.
  3212 | D:5      | Entered Level 5 of the Dungeon
  3222 | D:5      | Reached skill level 7 in Maces & Flails
  3317 | D:5      | Found a radiant altar of Vehumet.
  3410 | D:5      | Reached XP level 8. HP: 47/52 MP: 8/8
  3423 | D:5      | Gained mutation: You have sharp toenails. [mutagenic meat]
  3424 | D:5      | Gained mutation: Your muscles are strong. (Str +2) [mutagenic meat]
  3425 | D:5      | Gained mutation: Armour fits poorly on your strangely shaped body. [mutagenic meat]
  3426 | D:5      | Lost mutation: Your muscles are strong. (Str +2) [mutagenic meat]
  3427 | D:5      | Gained mutation: Potions and wands are less effective at restoring your health. [mutagenic meat]
  3428 | D:5      | Gained mutation: Your spells are a little easier to cast, but a little less powerful. [mutagenic meat]
  3638 | D:5      | Reached skill level 8 in Maces & Flails
  4081 | D:5      | Found an opulent altar of Gozag.
  4279 | D:6      | Gained mutation: You are somewhat resistant to further mutation. [mutagenic meat]
  4284 | D:6      | Found a staircase to the Ecumenical Temple.
  4310 | Temple   | Entered the Ecumenical Temple
  4351 | Temple   | Became a worshipper of Qazlal Stormbringer
  4539 | D:6      | Reached skill level 9 in Maces & Flails
  4552 | D:6      | Mangled by an orc warrior

Skill      XL: |  1  2  3  4  5  6  7  8 |
---------------+-------------------------+-----
Fighting       | 4 5 6 7 |  7.4
Maces & Flails | 3 4 6 7 9 |  9.0
Armour         | |  3.2
Shields        | |  3.4

Action                   |  1- 3 |  4- 6 |  7- 9 || total
-------------------------+-------+-------+-------++-------
Melee: Flail             |   132 |   162 |   134 ||   428
       Kick              |       |       |    25 ||    25
  Use: Scroll            |       |     6 |     1 ||     7
  Eat: Chunk             |     1 |     4 |    17 ||    22
Armor: Scale mail        |    83 |    86 |       ||   169
       Chain mail        |       |    13 |    54 ||    67
Dodge: Dodged            |    49 |    58 |    23 ||   130
Block: Shield            |    79 |    73 |    53 ||   205
